 Dungeon Crawl Stone Soup version 0.26-a0-969-g2c58977ddd (webtiles) character file.

Game seed: 2181886259434984952

279 Jerej03 the Shield-Bearer (level 6, 0/57 HPs)
             Began as a Gargoyle Fighter on Dec 4, 2020.
             Was a Plaything of Xom.
             Slain by an orc
             ... wielding a +0 mace
              (2 damage)
             ... on level 4 of the Dungeon.
             The game lasted 00:10:05 (2700 turns).

Jerej03 the Shield-Bearer (Gargoyle Fighter)        Turns: 2700, Time: 00:10:06

Health: 0/57       AC: 12    Str: 22    XL:     6   Next: 26%
Magic:  6/6        EV:  8    Int:  8    God:    Xom [..*...]
Gold:   181        SH:  9    Dex:  9    Spells: 4/5 levels left

rFire    . . .     SeeInvis .   a - +0 flail
rCold    . . .     Faith    .   c - +0 kite shield
rNeg     + + .     Spirit   .   b - +0 scale mail
rPois    ∞         Reflect  .   u - +0 helmet
rElec    +         Harm     .   (no cloak)
rCorr    .         Rampage  .   (no gloves)
MR       .....                  (no boots)
Stlth    ..........             (no amulet)
HPRegen  0.19/turn              g - ring of positive energy
MPRegen  0.10/turn              (no ring)

@: berserking (expiring), very quick
A: negative energy resistance 1, electricity resistance, unbreathing,
petrification resistance, rot immunity, AC +4
a: Renounce Religion


You were on level 4 of the Dungeon.
You worshipped Xom.
You were a toy of Xom.
You visited 1 branch of the dungeon, and saw 4 of its levels.

You collected 181 gold pieces.

Inventory:

Hand Weapons
 a - a +0 flail (weapon)
 s - a +0 hunting sling
Armour
 b - a +0 scale mail (worn)
 c - a +0 kite shield (worn)
 u - a +0 helmet (worn)
 w - a +0 plate armour
Jewellery
 g - a ring of positive energy (left hand)
Scrolls
 j - 2 scrolls of amnesia {unknown}
 l - a scroll of enchant weapon {unknown}
 m - 5 scrolls of identify {unknown}
 n - 2 scrolls of remove curse {unknown}
 o - 2 scrolls of teleportation {unknown}
 r - a scroll of fear {unknown}
 t - a scroll of enchant armour {unknown}
 v - a scroll of fog {unknown}
Potions
 d - a potion of might
 e - a potion of heal wounds {unknown}
 f - a potion of haste {unknown}
 h - a potion of magic {unknown}
 i - a potion of curing {unknown}
 k - a potion of berserk rage
 p - a potion of mutation {unknown}
 q - a potion of flight {unknown}


   Skills:
 + Level 4.0 Fighting
 + Level 3.5 Maces & Flails
 + Level 4.2 Armour
 + Level 1.9 Dodging
 + Level 0.2 Stealth
 + Level 4.7 Shields


You had 4 spell levels left.
You knew the following spells:

 Your Spells              Type           Power        Failure   Level
a - Corona                Hex            #......      99%         1

Your spell library contained the following spells:

 Spells                   Type           Power        Failure   Level


Dungeon Overview and Level Annotations

Branches:
Dungeon (4/15)
 Temple: D:4-7

Altars:
Xom


Innate Abilities, Weirdness & Mutations

You are resistant to torment.
Your stone body is resilient. (AC +4)
You are immune to poison.
You resist negative energy. (rN+)
You are resistant to electric shocks. (rElec)
You can survive without breathing.
You are immune to petrification.
You are immune to rotting.


Message History

The orc wizard hits you but does no damage. x2
You hit the orc wizard.
You kill the orc wizard!
The orc hits you but does no damage.
You hit the orc.
The orc is moderately wounded.
You closely miss the orc.
The orc is moderately wounded.
The orc hits you with a +0 mace.
* * * LOW HITPOINT WARNING * * *
You hit the orc.
You kill the orc!
You barely miss the orc priest.
The orc priest hits you with a +0 hand axe.
* * * LOW HITPOINT WARNING * * *
You barely miss the orc priest. You block the orc priest's attack.
You hit the orc priest.
The orc priest is moderately wounded.
The orc hits you with a +0 mace.
You die...

.......# #....#
#......#########....#
.......#.......#....#
#......#.......####.#
...#........o.)..##.#
######.#########.##.#
#.# #.##.# #.# #o##.#
#.# #@##.#
......o......[.o..#.#
.....#.############.#
######.#........>...#
#.#.#......#####
..#.#..........
..#.#......###..
.o#......##############
#....#..............#


You could see an orc priest and an orc.

Vanquished Creatures
  2 orc wizards
  Jessica (D:2)
  Robin (D:3)
  6 adders
  3 oozes
  A worm (D:3)
  4 leopard geckos
  3 orcs
  A giant cockroach (D:3)
  19 goblins
  10 hobgoblins
  7 jackals
  8 kobolds
  2 quokkas (D:2)
  8 bats
  6 frilled lizards
  4 rats
86 creatures vanquished.

Vanquished Creatures (others)
  An orc wizard (D:4)
1 creature vanquished.

Grand Total: 87 creatures vanquished

Notes
Turn   | Place    | Note
-------+----------+-------------------------------------------
     0 | D:1      | Jerej03 the Gargoyle Fighter began the quest for the Orb.
     0 | D:1      | Reached XP level 1. HP: 14/14 MP: 1/1
    86 | D:1      | Reached XP level 2. HP: 9/19 MP: 2/2
   781 | D:1      | Reached XP level 3. HP: 23/24 MP: 3/3
  1110 | D:2      | Reached XP level 4. HP: 23/29 MP: 4/4
  1242 | D:2      | Noticed Jessica
  1252 | D:2      | Killed Jessica
  1253 | D:2      | Reached skill level 1 in Dodging
  1275 | D:2      | Identified Jessica's Almanac of Glamour
  1284 | D:2      | Learned a level 1 spell: Corona
  1431 | D:2      | Reached XP level 5. HP: 33/33 MP: 5/5
  1917 | D:3      | Noticed Robin
  1924 | D:3      | Killed Robin
  2241 | D:3      | Reached XP level 6. HP: 37/38 MP: 6/6
  2427 | D:3      | Found a shimmering altar of Xom.
  2443 | D:3      | Became a worshipper of Xom of Swiftly Tilting Intent
  2671 | D:4      | XOM: potion effect (heal wounds)
  2698 | D:4      | HP: 2/57 [orc priest/+0 hand axe (2)]
  2700 | D:4      | Slain by an orc

Illustrated notes

Levels and vault maps discovered:
D:1:      giann_wishing_wells, layout_rooms, serial_forest,
          infiniplex_forest_lined_room_3, infiniplex_forest_diagonal,
          infiniplex_forest_clump_small, infiniplex_forest_end_3,
          infiniplex_forest_straight_4, infiniplex_forest_fountain,
          infiniplex_forest_clump_small
D:2:      layout_basic, minmay_liquid_box, kennysheep_jessica_study
D:3:      layout_basic, lemuel_crystal_altar, uniq_robin
D:4:      layout_basic, serial_shops, shop

Skill      XL: |  1  2  3  4  5 |
---------------+----------------+-----
Shields        | 4 |  4.7
Dodging        | 1 |  1.9
Armour         | 4 |  4.2
Maces & Flails | 3 |  3.5
Fighting       | 4 |  4.0
Stealth        | |  0.2

Action                   |  1- 3 |  4- 6 || total
-------------------------+-------+-------++-------
Melee: Flail             |   169 |   218 ||   387
  Use: Potion            |       |     1 ||     1
Armor: Scale mail        |    99 |   138 ||   237
Dodge: Dodged            |    69 |    77 ||   146
Block: Kite shield       |   118 |   134 ||   252

Table legend: (Time is in decaauts)
 A = Elapsed time spent in this place.
 B = Non-inter-level travel time spent in this place.
 C = Inter-level travel time spent in this place.
 D = Time resting spent in this place.
 E = Time spent auto-exploring this place.
 F = Levels seen in this place.
 G = Mean time per level.
                   A        B        C        D        E       F      G
               +--------+--------+--------+--------+--------+-----+--------+
         Total |   2829 |   2751 |     78 |      0 |   1954 |   4 |  707.2 |
       Dungeon |   2829 |   2751 |     78 |      0 |   1954 |   4 |  707.2 |
               +--------+--------+--------+--------+--------+-----+--------+

Top non-repeatable levels by time:
     D:1: 1006 daAuts
     D:3: 953 daAuts
     D:2: 747 daAuts
     D:4: 122 daAuts
